 Dungeon Crawl Stone Soup version 0.18-a0-1157-g59db91b (webtiles) character file.

70 Borgoz the Sneak (level 4, 0/37 (38) HPs)
             Began as a Ghoul Assassin on Jan 23, 2016.
             Slain by an adder (4 damage)
             ... on level 2 of the Dungeon.
             The game lasted 00:01:50 (1154 turns).

Borgoz the Sneak (Ghoul Assassin)                   Turns: 1154, Time: 00:01:50

HP:   0/37 (38)     AC:  3    Str: 14    XL:     4   Next: 21%
MP:   3/3           EV: 12    Int:  6    God:
Gold: 104           SH:  0    Dex: 11    Spells: 0 memorised, 3 levels left

rFire  . . .     SeeInvis .     a - +2 dagger
rCold  + . .     Gourm    .     c - +0 robe
rNeg   + + +     Faith    .     (no shield)
rPois  ∞         Spirit   .     (no helmet)
rElec  .         Dismiss  .     d - +0 cloak
rCorr  .         Reflect  .     (no gloves)
SustAt .         Harm     .     (no boots)
MR     .....                    (no amulet)
Stlth  +++.......               (no ring)
                                (no ring)

@: rotting, not resistant to hostile enchantments, fairly stealthy
A: rotting body, claws 1, carnivore 3, cold resistance 1, negative energy
resistance 3, slow regeneration 1, torment resistance, unbreathing
a: no special abilities


You were on level 2 of the Dungeon.
You were not hungry.

You visited 1 branch of the dungeon, and saw 2 of its levels.

You collected 104 gold pieces.

Inventory:

Hand Weapons
 a - a +2 dagger (weapon)
 b - a +0 blowgun
Missiles
 e - 8 poisoned needles
 f - 2 curare-tipped needles
Armour
 c - a +0 robe (worn)
 d - a +0 cloak (worn)
Jewellery
 p - an uncursed ring of magical power {unknown}
Scrolls
 h - a scroll of fear {unknown}
 i - a scroll of immolation {unknown}
 k - a scroll of amnesia {unknown}
 l - a scroll of fog {unknown}
 n - a scroll of identify {unknown}
 o - a scroll of remove curse {unknown}
Potions
 j - a potion of resistance {unknown}
 m - 3 potions of curing
Comestibles
 g - 4 meat rations


   Skills:
 + Level 3.1 Fighting
 + Level 2.2 Short Blades
 - Level 1.7 Throwing
 + Level 1.6 Dodging
 + Level 5.1 Stealth


You had 3 spell levels left.
You didn't know any spells.

Dungeon Overview and Level Annotations

Branches:
Dungeon (2/15)

Altars:


Innate Abilities, Weirdness & Mutations

Your body is rotting away.
You thrive on raw meat.
You are immune to poison.
You have sharp fingernails.
You are carnivorous and can eat meat at any time.
Your flesh is cold resistant.
You are immune to negative energy.
You regenerate slowly when monsters are visible.
You are immune to unholy pain and torment.
You can survive without breathing.


Message History

* * * LOW HITPOINT WARNING * * *
You closely miss the adder.
The adder is heavily wounded.
The adder misses you.
You closely miss the adder.
The adder is heavily wounded.
The adder closely misses you.
You hit the adder.
The adder is severely wounded.
The adder barely misses you.
You barely miss the adder.
The adder is severely wounded.
The adder bites you.
* * * LOW HITPOINT WARNING * * *
The adder bites you.
* * * LOW HITPOINT WARNING * * *
You barely miss the adder.
The adder is severely wounded.
The adder bites you.
You die...

#. ..# #.
#..# # . #.##
#..#.#)# #...
...#.. #..#
.(... #..#
#..#
#.##..####..#
#....@S.†...#
####..####..#
#......).#
##.#####.#
#.# #.# #.#
###.# #.#
#...# #.#
#.### #.#


You could see an adder.

Vanquished Creatures
  Ijyb (D:2)
  A worm (D:2)
  A giant gecko (D:2)
  5 bats
  3 giant cockroaches
  5 goblins
  6 hobgoblins
  3 jackals (D:2)
  2 quokkas (D:2)
  5 kobolds
  5 rats
37 creatures vanquished.

Notes
Turn   | Place    | Note
--------------------------------------------------------------
     0 | D:1      | Borgoz the Ghoul Assassin began the quest for the Orb.
     0 | D:1      | Reached XP level 1. HP: 17/17 MP: 0/0
    18 | D:1      | Reached skill level 1 in Dodging
    83 | D:1      | Reached XP level 2. HP: 23/25 MP: 1/1
   508 | D:2      | Reached XP level 3. HP: 29/29 MP: 2/2
   688 | D:2      | Noticed Ijyb
   752 | D:2      | Killed Ijyb
   752 | D:2      | Reached skill level 5 in Stealth
  1013 | D:2      | Reached XP level 4. HP: 27/36 MP: 3/3
  1154 | D:2      | Slain by an adder

Vault maps used:
D:1:      dpeg_arrival_rhombi
D:2:      first_bread, minmay_distorted, uniq_iyjb

Action                   |  1- 3 |  4- 6 || total
-------------------------+-------+-------++-------
Melee: Dagger            |   141 |    45 ||   186
 Stab: Sleeping          |     5 |     1 ||     6
  Eat: Chunk             |     1 |     1 ||     2
